 Dungeon Crawl Stone Soup version 0.31.0-11-ge490571c62 (webtiles) character file.

Game seed: 3387597497868668885

581 qw the Skirmisher (level 7, 0/40 HPs)
             Began as a Deep Elf Hunter on Feb 4, 2024.
             Incinerated by a bombardier beetle (6 damage)
             ... with a burning spray
             ... on level 5 of the Dungeon.
             The game lasted 00:01:20 (3546 turns).

qw the Skirmisher (Deep Elf Hunter)                 Turns: 3546, Time: 00:01:21

Health: 0/40       AC:  9    Str: 16    XL:     7   Next: 13%
Magic:  9/9        EV: 12    Int: 14    God:
Gold:   90         SH:  0    Dex: 18    Spells: 6/6 levels left

rFire   . . .        a - +0 shortbow (flame)
rCold   + . .        (shield currently unavailable)
rNeg    . . .        b - +0 ring mail
rPois   .            g - +1 hat
rElec   .            (no cloak)
rCorr   .            d - +2 pair of gloves
SInv    .            (no boots)
Will    .....        (no amulet)
Stlth   +            n - ring of protection from cold
HPRegen 0.26/turn    o - +6 ring of strength
MPRegen 0.11/turn

%: no passive effects
@: on fire, glowing
A: no striking features
a: no special abilities


You were on level 5 of the Dungeon.
You visited 1 branch of the dungeon, and saw 5 of its levels.

You collected 288 gold pieces.
You spent 198 gold pieces at shops.


   Skills:
 - Level 2.0 Fighting
 + Level 10.7 Ranged Weapons
 - Level 0.9 Armour
 - Level 3.1 Dodging
 - Level 1.2 Stealth


You had 6 spell levels left.
You didn't know any spells.
Your spell library was empty.

Inventory:

Hand Weapons
 a - a +0 shortbow of flaming (weapon)
Armour
 b - a +0 ring mail (worn)
 d - a +2 pair of gloves (worn)
 g - a +1 hat (worn)
Jewellery
 n - a ring of protection from cold (left hand)
 o - a +6 ring of strength (right hand)
Wands
 i - a wand of paralysis (1)
 p - a wand of light (11)
Scrolls
 h - 2 scrolls of teleportation
Potions
 c - a potion of cancellation
 e - a potion of heal wounds
 f - a potion of resistance {unknown}
 j - 4 potions of enlightenment
 k - a potion of lignification {unknown}
 m - 9 potions of curing

Dungeon Overview and Level Annotations

Branches:
Dungeon (5/15)
 Temple: D:4-7

Altars:
Gozag
Kikubaaqudgha

Shops:
D:2 =   D:3 *[*!:

Portals:
Abyss: D:3

Annotations:
D:3 2 transporters, qw's ghost, amateur SpHu
D:4 1 runed translucent door, Crazy Yiuf


Message History

The arrow burns the bombardier beetle.
The bombardier beetle is heavily wounded.
You shoot an arrow. The arrow hits the bombardier beetle.
The arrow burns the bombardier beetle.
The bombardier beetle is heavily wounded.
You shoot an arrow.
The arrow hits the bombardier beetle but does no damage.
The bombardier beetle is heavily wounded.
You shoot an arrow.
The arrow completely misses the bombardier beetle.
The bombardier beetle sprays incendiary fluid at you.
The burning spray hits you.
You are covered in liquid fire!
You shoot an arrow.
The arrow closely misses the bombardier beetle.
The liquid fire burns you!
The bombardier beetle sprays incendiary fluid at you.
The burning spray hits you.
You are even more covered in liquid fire!
You shoot an arrow. The arrow hits the bombardier beetle.
The arrow burns the bombardier beetle.
You kill the bombardier beetle!
The liquid fire burns you!
You are on fire!
The liquid fire burns you!
You are on fire!
The liquid fire burns you!
You are on fire!
The liquid fire burns you!
You are on fire!
The liquid fire burns you!
You are on fire!
The liquid fire burns you!
You are on fire!
The liquid fire burns you!
You are on fire!
The liquid fire burns you!
You are on fire!
The liquid fire burns you!
You die...

..#######
........# #.
##@##
###.####...####
#.............#
##......#...##.#
#........#.###.#
...............#
#........#..#..#
#......###.# .#
#.......##.#..#


There were no monsters in sight!

Vanquished Creatures
  An ice beast (D:5)
  A phantom (D:4)
  A howler monkey (D:4)
  A bombardier beetle (D:5)
  2 hounds (D:4)
  An orc priest (D:4)
  Jessica (D:2)
  Ijyb (D:3)
  7 gnolls
  3 adders
  4 dart slugs
  7 ribbon worms
  4 orcs (D:4)
  8 bats
  6 endoplasms
  5 giant cockroaches
  4 goblins
  6 hobgoblins
  3 jackals (D:1)
  7 kobolds
  5 quokkas
  6 ball pythons
  3 frilled lizards
  3 rats
90 creatures vanquished.

Notes
Turn   | Place    | Note
-------+----------+-------------------------------------------
     0 | D:1      | qw the Deep Elf Hunter began the quest for the Orb.
     0 | D:1      | Reached XP level 1. HP: 12/12 MP: 3/3
     0 | D:1      | 0 ||| qw: Version: 0.3-a-160-g6735b56
     0 | D:1      | 0 ||| qw: Game counter: 6063
     0 | D:1      | 0 ||| qw: Melee chars always use a shield: true
     0 | D:1      | 0 ||| qw: God list: Okawaru
     0 | D:1      | 0 ||| qw: Allow faded altars: false
     0 | D:1      | 0 ||| qw: Do Orc after clearing Dungeon:15 true
     0 | D:1      | 0 ||| qw: Do second Lair branch before Depths: true
     0 | D:1      | 0 ||| qw: Lair rune preference: random
     0 | D:1      | 0 ||| qw: Goals: Normal
     0 | D:1      | 0 ||| PLANNING D:1-11
    59 | D:1      | Reached XP level 2. HP: 16/16 MP: 4/4
    87 | D:1      | Reached skill level 6 in Ranged Weapons
   276 | D:1      | Reached XP level 3. HP: 20/20 MP: 5/5
   673 | D:1      | Found a faded altar of an unknown god.
   698 | D:1      | 698 ||| UPGRADING to +0 pair of gloves.
   703 | D:1      | 703 ||| READING scroll labelled FOIPHO GOINTO.
   704 | D:1      | 704 ||| READING scroll labelled ZAOMUKH ZEERYE.
   705 | D:1      | 705 ||| READING scroll labelled HOUTSA CELIJ.
   709 | D:1      | 709 ||| READING scroll labelled UNGEANTESTAIHI.
   709 | D:1      | 709 ||| BRANDING +0 shortbow.
   710 | D:1      | 710 ||| READING 2 scrolls labelled MABOOS CEIPH.
   711 | D:1      | 711 ||| DRINKING 2 silvery potions.
   712 | D:1      | 712 ||| DROPPING scroll of butterflies.
   713 | D:1      | 713 ||| DROPPING scroll of poison.
   715 | D:1      | 715 ||| Stepping ~*~*~tactically~*~*~ (cloud).
   716 | D:1      | 716 ||| DRINKING potion of curing.
   716 | D:1      | 716 ||| (to cure poison)
   818 | D:2      | Reached skill level 7 in Ranged Weapons
   825 | D:2      | HP: 5/20 [gnoll/+0 spear (3)]
   827 | D:2      | Reached XP level 4. HP: 6/25 MP: 6/6
  1156 | D:2      | Found Atallaicw's Jewellery Shoppe.
  1163 | D:2      | 1163 ||| SHOPLISTING amulet "Buthu" {Reflect rCorr Int+2
                  | Dex+4 SH+5} (717 gold, have 122).
  1163 | D:2      | 1163 ||| SHOPLISTING ring of willpower (325 gold, have
                  | 122).
  1288 | D:2      | Noticed Jessica
  1290 | D:2      | Killed Jessica
  1488 | D:2      | Reached skill level 8 in Ranged Weapons
  1639 | D:2      | 1639 ||| UPGRADING to +0 ring mail.
  1649 | D:2      | 1649 ||| DROPPING +0 leather armour.
  1650 | D:2      | 1650 ||| UPGRADING to +1 hat.
  1655 | D:2      | 1655 ||| READING scroll labelled TESKETT WOSTYATE.
  1655 | D:2      | 1655 ||| ENCHANTING +0 pair of gloves.
  1656 | D:2      | 1656 ||| READING scroll labelled WAMYICLOENG.
  1720 | D:3      | Found Gozag's Platinum Reserve.
  1741 | D:3      | Found an ancient bone altar of Kikubaaqudgha.
  1750 | D:3      | Found an opulent altar of Gozag.
  1773 | D:3      | Found a transporter.
  1775 | D:3      | Found a one-way gate to the infinite horrors of the Abyss.
  1775 | D:3      | Noticed qw's ghost (amateur SpHu)
  1777 | D:3      | Noticed an ancient zyme
  1861 | D:3      | Found a transporter.
  1885 | D:3      | Noticed a small abomination
  1892 | D:3      | 1892 ||| READING scroll of enchant armour.
  1892 | D:3      | 1892 ||| ENCHANTING +1 pair of gloves.
  1928 | D:3      | Noticed a small abomination
  2018 | D:3      | Found Beipuink's Book Boutique.
  2065 | D:3      | 2065 ||| SHOPLISTING +1 leather armour "Demnaon" {Regen+
                  | Int+4} (2240 gold, have 193).
  2065 | D:3      | 2065 ||| SHOPLISTING +1 pair of gloves of Ru's Reproof
                  | {rPois Dex+4 Stlth+} (3190 gold, have 193).
  2065 | D:3      | 2065 ||| SHOPLISTING ring of Zeishut {Will+ Slay+2} (4040
                  | gold, have 193).
  2084 | D:3      | Found Yzxoib's Distillery.
  2130 | D:3      | 2130 ||| BUYING 2 potions of curing (84 gold).
  2130 | D:3      | Bought 2 potions of curing for 84 gold pieces
  2130 | D:3      | 2130 ||| SHOPLISTING potion of cancellation (112 gold, have
                  | 109).
  2130 | D:3      | 2130 ||| BUYING potion of curing (42 gold).
  2130 | D:3      | Bought a potion of curing for 42 gold pieces
  2130 | D:3      | 2130 ||| BUYING potion of curing (42 gold).
  2130 | D:3      | Bought a potion of curing for 42 gold pieces
  2130 | D:3      | 2130 ||| SHOPLISTING potion of enlightenment (70 gold, have
                  | 25).
  2130 | D:3      | 2130 ||| SHOPLISTING potion of might (56 gold, have 25).
  2170 | D:3      | Noticed Ijyb
  2179 | D:3      | Paralysed by Ijyb for 4 turns
  2197 | D:3      | Killed Ijyb
  2198 | D:3      | Reached XP level 5. HP: 20/29 MP: 7/7
  2408 | D:3      | Noticed a small abomination
  2436 | D:3      | Found Abeph's Armour Shoppe.
  2443 | D:3      | 2443 ||| SHOPLISTING +3 leather armour of Hopscotch {rPois
                  | MP-9 Str+3 Dex+2} (277 gold, have 46).
  2452 | D:3      | Found Ysmoell's General Store.
  2461 | D:3      | 2461 ||| SHOPLISTING +1 ice dragon scales (670 gold, have
                  | 46).
  2461 | D:3      | 2461 ||| SHOPLISTING potion of mutation (80 gold, have 46).
  2461 | D:3      | 2461 ||| BUYING scroll of teleportation (30 gold).
  2461 | D:3      | Bought a scroll of teleportation for 30 gold pieces
  2461 | D:3      | 2461 ||| SHOPLISTING wand of polymorph (4) (56 gold, have
                  | 16).
  2528 | D:3      | 2528 ||| DRINKING 2 blue potions.
  2616 | D:4      | Noticed a phantom
  2617 | D:4      | 2617 ||| DRINKING potion of haste.
  2630 | D:4      | Killed a phantom
  2631 | D:4      | Reached skill level 9 in Ranged Weapons
  2665 | D:4      | Reached XP level 6. HP: 35/35 MP: 8/8
  2903 | D:4      | 2903 ||| READING scroll of brand weapon.
  2903 | D:4      | 2903 ||| BRANDING +0 shortbow of freezing.
  3035 | D:4      | Found a runed translucent door.
  3036 | D:4      | Noticed Crazy Yiuf
  3058 | D:4      | Reached skill level 10 in Ranged Weapons
  3071 | D:4      | Reached skill level 3 in Dodging
  3072 | D:4      | 3072 ||| FLEEEEING.
  3073 | D:4      | 3073 ||| FLEEEEING.
  3074 | D:4      | 3074 ||| FLEEEEING.
  3076 | D:4      | 3076 ||| FLEEEEING.
  3077 | D:4      | 3077 ||| FLEEEEING.
  3079 | D:4      | 3079 ||| FLEEEEING.
  3080 | D:4      | 3080 ||| FLEEEEING.
  3081 | D:4      | 3081 ||| FLEEEEING.
  3082 | D:4      | 3082 ||| FLEEEEING.
  3083 | D:4      | 3083 ||| FLEEEEING.
  3392 | D:4      | 3392 ||| UPGRADING to ring of protection from cold.
  3393 | D:4      | 3393 ||| UPGRADING to +6 ring of strength.
  3394 | D:4      | 3394 ||| READING 2 scrolls labelled CYGOME REFEDGH.
  3394 | D:4      | 3394 ||| IDENTIFYING puce potion
  3395 | D:4      | 3395 ||| READING scroll of identify.
  3395 | D:4      | 3395 ||| IDENTIFYING brown potion
  3396 | D:4      | 3396 ||| DRINKING 3 amethyst potions.
  3412 | D:5      | Entered Level 5 of the Dungeon
  3412 | D:5      | Noticed an ice beast
  3428 | D:5      | Killed an ice beast
  3429 | D:5      | Reached XP level 7. HP: 23/40 MP: 9/9
  3545 | D:5      | HP: 6/40 [burnt (6)]
  3546 | D:5      | Incinerated by a bombardier beetle

Levels and vault maps discovered:
D:1:      dpeg_arrival_pits, layout_basic,
          shapermc_ecumenical_altar_mp_urbaneastern
D:2:      layout_basic, serial_shops, nicolae_shop_tiny_statue_garden,
          serial_bayou_pond_d, uniq_jessica
D:3:      layout_loops_ring, kiku_gazebo_garden_becter,
          nicolae_gozag_zags_fifth_avenue, gammafunk_ghost_abyssal_escape,
          serial_shops, shop, nicolae_shop_gibbet_a_chance,
          nicolae_shop_just_a_little_nook, nicolae_shop_industrial_runoff,
          minmay_between, uniq_ijyb
D:4:      layout_basic, nicolae_wormholes, uniq_crazy_yiuf_cottage
D:5:      layout_loops_ring, uniq_edmund, uniq_pikel

Skill      XL: |  1  2  3  4  5  6 |
---------------+-------------------+-----
Ranged Weapons | 6 7 8 9 10 | 10.7
Fighting       | 2 |  2.0
Dodging        | 3 |  3.1
Armour         | |  0.9
Stealth        | |  1.2

Action                     |  1- 3 |  4- 6 |  7- 9 || total
---------------------------+-------+-------+-------++-------
   Fire: Shortbow          |    97 |   211 |     7 ||   315
    Use: Scroll            |     5 |     6 |       ||    11
         Potion            |     2 |     3 |       ||     5
 Armour: Leather armour    |     7 |     3 |       ||    10
         Ring mail         |       |    48 |       ||    48
  Dodge: Dodged            |     8 |    38 |       ||    46

Table legend:
 A = Non-vault XP
 B = Vault XP
 C = Vault XP percentage of total XP
 D = Non-vault monster count
 E = Vault monster count
 F = Vault count percentage of total count
                 A         B        C        D         E       F
            +---------+---------+-------+---------+---------+-------
      Total |     730 |     100 |  12.0 |      79 |      11 |  12.2
            +---------+---------+-------+---------+---------+-------
        D:1 |      52 |       0 |   0.0 |      27 |       0 |   0.0
        D:2 |      69 |      37 |  34.9 |      13 |       1 |   7.1
        D:3 |      55 |      43 |  43.9 |      15 |       5 |  25.0
        D:4 |     374 |      20 |   5.1 |      22 |       5 |  18.5
        D:5 |     180 |       0 |   0.0 |       2 |       0 |   0.0
            +---------+---------+-------+---------+---------+-------
